 Dungeon Crawl Stone Soup version 0.26-a0-1049-g242049e08c (webtiles) character file.

Game seed: 2932359318622155935

179 KristoblXynda the Insei (level 5, -2/60 HPs)
             Began as a Draconian Transmuter on Dec 12, 2020.
             Slain by Grinder (6 damage)
             ... on level 4 of the Dungeon.
             The game lasted 00:02:40 (2337 turns).

KristoblXynda the Insei (Draconian Transmuter)      Turns: 2337, Time: 00:02:41

Health: -2/60      AC:  5    Str: 12    XL:     5   Next: 32%
Magic:  8/8        EV: 13    Int: 14    God:
Gold:   131        SH:  0    Dex: 12    Spells: 7/8 levels left

rFire    . . .     SeeInvis .     - Unarmed
rCold    . . .     Faith    .   (no shield)
rNeg     . . .     Spirit   .   (armour unavailable)
rPois    .         Reflect  .   (helmet currently unavailable)
rElec    .         Harm     .   (no cloak)
rCorr    .         Rampage  .   (no gloves)
Will     .....                  (boots currently unavailable)
Stlth    ..........             (no amulet)
HPRegen  0.20/turn              (no ring)
MPRegen  0.11/turn              (no ring)

@: berserking, appendages (expiring), attractive, very quick
A: unfitting armour, horns 2, talons 2, cold-blooded, AC +5
a: End Transformation


You were on level 4 of the Dungeon.
You had grown temporary horns.
You had grown temporary talons.
You visited 1 branch of the dungeon, and saw 3 of its levels.

You collected 131 gold pieces.

Inventory:

Missiles
 m - 2 javelins
Scrolls
 e - a scroll of enchant armour {unknown}
 f - a scroll of teleportation {unknown}
 h - 2 scrolls of remove curse {unknown}
 j - a scroll of fog {unknown}
 k - a scroll of immolation {unknown}
 n - a scroll of amnesia {unknown}
Potions
 i - a potion of resistance {unknown}
 l - a potion of mutation


   Skills:
 - Level 1.1 Fighting
 + Level 3.2 Dodging
 + Level 4.2 Unarmed Combat
 - Level 2.0 Spellcasting
 + Level 3.5 Transmutations


You had 7 spell levels left.
You knew the following spells:

 Your Spells              Type           Power        Failure   Level
a - Beastly Appendage     Tmut           ##....       5%          1

Your spell library contained the following spells:

 Spells                   Type           Power        Failure   Level
 Wereblood                Tmut           ##......     9%          2
 Spider Form              Tmut/Pois      #.........   34%         3
 Ice Form                 Ice/Tmut       #.......     75%         4
 Blade Hands              Tmut           ##........   83%         5


Dungeon Overview and Level Annotations

Branches:
Dungeon (2/15)

Altars:

Annotations:
D:4 Grinder


Innate Abilities, Weirdness & Mutations

Your plain brown scales are hard. (AC +5)
You cannot fit into any form of body armour.
You are cold-blooded and may be slowed by cold attacks.
You have a pair of horns on your head.
You have razor-sharp toenails.


Message History

Grinder is moderately wounded.
Grinder hits you.
* * * LOW HITPOINT WARNING * * *
You writhe in agony.
* * * LOW HITPOINT WARNING * * *
You hit Grinder.
Your tail-slap misses Grinder.
Grinder is moderately wounded.
You closely miss Grinder.
Grinder is moderately wounded.
Grinder hits you.
* * * LOW HITPOINT WARNING * * *
You barely miss Grinder. You headbutt Grinder.
Grinder is heavily wounded.
You hit Grinder. You claw Grinder! Your headbutt misses Grinder.
Your tail-slap misses Grinder.
Grinder is almost dead.
Grinder hits you.
* * * LOW HITPOINT WARNING * * *
You writhe in agony.
You die...

#.# ### #.# #..
... #.# #.# #.#
#.# #.# #.#
##.####.##.#.##
#......@5......
#..#####.#.#.##
#..# .#.#.###
#..# #.#.#...
#..####.#....#
#......###...
#.###.#.#..#####
#.###.##.......#
#..........#


You could see Grinder.

Vanquished Creatures
  A hound (D:4)
  2 worker ants (D:4)
  Terence (D:2)
  4 gnolls (D:2)
  2 adders
  A dart slug (D:1)
  2 bats
  3 giant cockroaches
  2 goblins
  4 hobgoblins
  2 kobolds
  2 frilled lizards (D:1)
  A leopard gecko skeleton (D:4)
  A rat (D:2)
28 creatures vanquished.

Notes
Turn   | Place    | Note
-------+----------+-------------------------------------------
     0 | D:1      | KristoblXynda the Draconian Transmuter began the quest for
                  | the Orb.
     0 | D:1      | Reached XP level 1. HP: 16/16 MP: 3/3
   593 | D:1      | Reached XP level 2. HP: 16/23 MP: 5/5
  1138 | D:2      | Reached XP level 3. HP: 28/28 MP: 4/6
  1523 | D:2      | Reached XP level 4. HP: 34/35 MP: 7/7
  1607 | D:2      | Noticed Terence
  1623 | D:2      | Killed Terence
  1857 | D:2      | You fall into a shaft and drop 2 floors!
  1886 | D:4      | Reached skill level 4 in Unarmed Combat
  1914 | D:4      | HP: 1/35 [poisoned by a worker ant]
  2305 | D:4      | Reached XP level 5. HP: 38/40 MP: 6/8
  2305 | D:4      | Noticed Grinder
  2312 | D:4      | Paralysed by Grinder for 5 turns
  2324 | D:4      | Paralysed by Grinder for 7 turns
  2337 | D:4      | Slain by Grinder

Illustrated notes

Levels and vault maps discovered:
D:1:      scummos_arrival_gate, layout_basic
D:2:      layout_basic, ashenzari_altar_1, minmay_tree_intersection,
          uniq_terence
D:4:      layout_loops_ring, lemuel_coloured_pillars_altar, lemuel_round_altar,
          nicolae_overflow_hidden_temple, serial_shops, shop, tso_metal_star,
          uniq_crazy_yiuf_cottage, uniq_grinder, uniq_sigmund

Skill      XL: |  1  2  3  4 |
---------------+-------------+-----
Dodging        | 2 3 |  3.2
Transmutations | 3 |  3.5
Unarmed Combat | 4 |  4.2
Fighting       | |  1.1
Spellcasting   | |  2.0

Action                   |  1- 3 |  4- 6 || total
-------------------------+-------+-------++-------
Melee: Unarmed           |    75 |    65 ||   140
       Tailslap          |     4 |     5 ||     9
       Headbutt          |     5 |    10 ||    15
       Kick              |     8 |    10 ||    18
       Punch             |       |     2 ||     2
 Cast: Beastly Appendage |     3 |     4 ||     7
  Use: Scroll            |       |     2 ||     2
       Potion            |       |     3 ||     3
 Stab: Sleeping          |     1 |     1 ||     2
Armor: Skin              |    10 |    11 ||    21
Dodge: Dodged            |    41 |    38 ||    79

Table legend: (Time is in decaauts)
 A = Elapsed time spent in this place.
 B = Non-inter-level travel time spent in this place.
 C = Inter-level travel time spent in this place.
 D = Time resting spent in this place.
 E = Time spent auto-exploring this place.
 F = Levels seen in this place.
 G = Mean time per level.
                   A        B        C        D        E       F      G
               +--------+--------+--------+--------+--------+-----+--------+
         Total |   2325 |   2269 |     56 |    702 |   1150 |   3 |  775.0 |
       Dungeon |   2325 |   2269 |     56 |    702 |   1150 |   3 |  775.0 |
               +--------+--------+--------+--------+--------+-----+--------+

Top non-repeatable levels by time:
     D:1: 1000 daAuts
     D:2: 849 daAuts
     D:4: 475 daAuts
